TOP OF THE 1ST |
BlackIron Dragons batting - Pitching for Wichita Wranglers : RHP Dae-ho Kim
|
Pitching: RHP Dae-ho Kim
|
|
Batting: LHB Donnie Cunningham
|
0-0: Called Strike 0-1: Called Strike 0-2: Ball 1-2: Foul Ball, location: 2F 1-2: Ball 2-2: Ball 3-2: Ground out 6-3 (Groundball, 6)
|
Batting: RHB Boyd Pittman
|
0-0: Called Strike 0-1: Foul Ball, location: 2F 0-2: Strikes out looking
|
Batting: RHB Gil Palmer
|
0-0: Called Strike 0-1: Ball 1-1: Ball 2-1: Ball 3-1: Base on Balls
|
Batting: LHB Culley Vaughan
|
0-0: Called Strike 0-1: Ball 1-1: Ball 2-1: Swinging Strike 2-2: Foul Ball, location: 2F 2-2: Foul Ball, location: 2F 2-2: Foul Ball, location: 2F 2-2: Foul Ball, location: 2F 2-2: Strikes out looking
|
Top of the 1st over - 0 run(s), 0 hit(s), 0 error(s), 1 left on base; BlackIron 0 - Wichita 0 |
BOTTOM OF THE 1ST |
Wichita Wranglers batting - Pitching for BlackIron Dragons : RHP Juan Gutiérrez
|
Pitching: RHP Juan Gutiérrez
|
|
Batting: RHB Ed Watkins
|
0-0: Called Strike 0-1: Called Strike 0-2: Ball 1-2: Ball 2-2: Ball 3-2: Strikes out looking
|
Batting: SHB Javier Peña
|
0-0: Ball 1-0: Called Strike 1-1: Ball 2-1: Ball 3-1: Base on Balls
|
Batting: RHB Desi Thompson
|
0-0: Called Strike 0-1: Ball 1-1: Called Strike 1-2: Ball Javier Peña steals 2nd base Single, Error in OF, E9, batter to second base Javier Peña scores
|
Batting: LHB José Hernández
|
0-0: Swinging Strike 0-1: Called Strike 0-2: Strikes out looking
|
Batting: SHB Giancarlo Giannini
|
0-0: Ball 1-0: Called Strike 1-1: Swinging Strike 1-2: Strikes out looking
|
Bottom of the 1st over - 1 run(s), 1 hit(s), 1 error(s), 1 left on base; BlackIron 0 - Wichita 1 |
TOP OF THE 2ND |
BlackIron Dragons batting - Pitching for Wichita Wranglers : RHP Dae-ho Kim
|
Batting: LHB Chris Waggoner
|
0-0: Ball 1-0: Foul Ball, location: 2F 1-1: Ball 2-1: Foul Ball, location: 2F 2-2: Foul Ball, location: 2F 2-2: Ball 3-2: Foul Ball, location: 2F 3-2: Foul Ball, location: 2F 3-2: Strikes out swinging
|
Batting: RHB Frank Maxwell
|
0-0: DOUBLE (Flyball, 8RXD)
|
Batting: RHB Mark Arnold
|
0-0: Ball 1-0: Swinging Strike 1-1: Called Strike 1-2: Ball 2-2: Ball 3-2: Foul Ball, location: 2F 3-2: Fly out, F8 (Flyball, 89M)
|
Batting: RHB Doug O'Brien
|
0-0: Ball 1-0: Foul Ball, location: 2F 1-1: Called Strike 1-2: Foul Ball, location: 2F 1-2: Strikes out swinging
|
Top of the 2nd over - 0 run(s), 1 hit(s), 0 error(s), 1 left on base; BlackIron 0 - Wichita 1 |
BOTTOM OF THE 2ND |
Wichita Wranglers batting - Pitching for BlackIron Dragons : RHP Juan Gutiérrez
|
Batting: LHB Alfredo Sánchez
|
0-0: Foul Ball, location: 2F 0-1: Ball 1-1: Foul Ball, location: 2F 1-2: Strikes out swinging
|
Batting: RHB Oliver Todd
|
0-0: Foul Ball, location: 2F 0-1: Ground out 6-3 (Groundball, 6)
|
Batting: RHB Dave Henderson
|
0-0: Ball 1-0: Called Strike 1-1: Foul Ball, location: 2F 1-2: Strikes out looking
|
Bottom of the 2nd over - 0 run(s), 0 hit(s), 0 error(s), 0 left on base; BlackIron 0 - Wichita 1 |
TOP OF THE 3RD |
BlackIron Dragons batting - Pitching for Wichita Wranglers : RHP Dae-ho Kim
|
Batting: RHB Eugene Payne
|
0-0: Ball 1-0: Called Strike 1-1: Swinging Strike 1-2: Ball 2-2: Ball 3-2: Foul Ball, location: 2F 3-2: Strikes out looking
|
Batting: LHB Donnie Cunningham
|
0-0: Ball 1-0: Called Strike 1-1: Swinging Strike 1-2: Ball 2-2: Strikes out swinging
|
Batting: RHB Boyd Pittman
|
0-0: Fly out, F9 (Flyball, 9M)
|
Top of the 3rd over - 0 run(s), 0 hit(s), 0 error(s), 0 left on base; BlackIron 0 - Wichita 1 |
BOTTOM OF THE 3RD |
Wichita Wranglers batting - Pitching for BlackIron Dragons : RHP Juan Gutiérrez
|
Batting: RHB Ralph Lambert
|
0-0: Swinging Strike 0-1: Ball 1-1: Foul Ball, location: 2F 1-2: Strikes out swinging
|
Batting: RHB Ed Watkins
|
0-0: Fly out, F8 (Flyball, 8LXD)
|
Batting: SHB Javier Peña
|
0-0: Called Strike 0-1: Ground out U3 (Groundball, 3L)
|
Bottom of the 3rd over - 0 run(s), 0 hit(s), 0 error(s), 0 left on base; BlackIron 0 - Wichita 1 |
TOP OF THE 4TH |
BlackIron Dragons batting - Pitching for Wichita Wranglers : RHP Dae-ho Kim
|
Batting: RHB Gil Palmer
|
0-0: Swinging Strike 0-1: Ball 1-1: SOLO HOME RUN (Flyball, 7LD), Distance : 351 ft
|
Batting: LHB Culley Vaughan
|
0-0: Swinging Strike 0-1: Ball 1-1: Ball 2-1: DOUBLE (Popup, 5D)
|
Batting: LHB Chris Waggoner
|
0-0: Ball 1-0: Fly out, F7 (Flyball, 7LS)
|
Batting: RHB Frank Maxwell
|
0-0: Foul Ball, location: 2F 0-1: Ball 1-1: Ball 2-1: SINGLE (Line Drive, 4MD) Culley Vaughan to third
|
Batting: RHB Mark Arnold
|
0-0: Foul Ball, location: 2F 0-1: Ball 1-1: Foul Ball, location: 2F 1-2: Foul Ball, location: 2F 1-2: Strikes out swinging
|
Batting: RHB Doug O'Brien
|
0-0: Fielders Choice at 2nd, 5-4 (Groundball, 5)
|
Top of the 4th over - 1 run(s), 3 hit(s), 0 error(s), 1 left on base; BlackIron 1 - Wichita 1 |
BOTTOM OF THE 4TH |
Wichita Wranglers batting - Pitching for BlackIron Dragons : RHP Juan Gutiérrez
|
Batting: RHB Desi Thompson
|
0-0: Called Strike 0-1: Swinging Strike 0-2: Strikes out swinging
|
Batting: LHB José Hernández
|
0-0: Ball 1-0: Swinging Strike 1-1: Ball 2-1: Ball 3-1: SINGLE (Groundball, 4MD)
|
Batting: SHB Giancarlo Giannini
|
0-0: Ball 1-0: Ball Passed Ball! José Hernández to second 2-0: Ball Passed Ball! José Hernández to third 3-0: Called Strike 3-1: Base on Balls
|
Batting: LHB Alfredo Sánchez
|
0-0: Foul Ball, location: 2F 0-1: Ball 1-1: Ball Wild Pitch! José Hernández scores Giancarlo Giannini to second 2-1: Ball 3-1: Foul Ball, location: 2F 3-2: SINGLE (Line Drive, 6MD) Giancarlo Giannini to third
|
Batting: RHB Oliver Todd
|
0-0: Grounds into double play, 6-4-3 (Groundball, 6M)
|
Bottom of the 4th over - 1 run(s), 2 hit(s), 0 error(s), 1 left on base; BlackIron 1 - Wichita 2 |
TOP OF THE 5TH |
BlackIron Dragons batting - Pitching for Wichita Wranglers : RHP Dae-ho Kim
|
Batting: RHB Eugene Payne
|
0-0: Ball 1-0: Called Strike 1-1: Foul Ball, location: 2F 1-2: Foul Ball, location: 2F 1-2: Foul Ball, location: 2F 1-2: Ball 2-2: Strikes out swinging
|
Batting: LHB Donnie Cunningham
|
0-0: Ball 1-0: Foul Ball, location: 2F 1-1: Fly out, F7 (Flyball, 7M)
|
Batting: RHB Boyd Pittman
|
0-0: Ball 1-0: Swinging Strike 1-1: Ball 2-1: Swinging Strike 2-2: Ball 3-2: Strikes out swinging
|
Top of the 5th over - 0 run(s), 0 hit(s), 0 error(s), 0 left on base; BlackIron 1 - Wichita 2 |
BOTTOM OF THE 5TH |
Wichita Wranglers batting - Pitching for BlackIron Dragons : RHP Juan Gutiérrez
|
Batting: RHB Dave Henderson
|
0-0: Ball 1-0: Ball 2-0: Called Strike 2-1: SINGLE (Line Drive, 56)
|
Batting: RHB Ralph Lambert
|
0-0: Ball 1-0: Foul Ball, location: 2F 1-1: Foul Ball, location: 2F 1-2: Ball 2-2: Reached on error, E5 (Groundball, 56) Dave Henderson to second
|
Pitching: RHP Bret McJannett
|
|
Batting: RHB Ed Watkins
|
0-0: Foul Ball, location: 2F 0-1: 3-RUN HOME RUN (Flyball, 89XD), Distance : 380 ft
|
Batting: SHB Javier Peña
|
0-0: Swinging Strike 0-1: Ball 1-1: Called Strike 1-2: DOUBLE (Line Drive, 8RD)
|
Batting: RHB Desi Thompson
|
0-0: Intentional Walk
|
Batting: LHB José Hernández
|
0-0: Ball 1-0: SINGLE (Line Drive, 34D) Javier Peña to third Desi Thompson to second Runner from 3rd tries for Home, SAFE, no throw or cutoff
|
Batting: SHB Giancarlo Giannini
|
0-0: Foul Ball, location: 2F 0-1: Ball 1-1: Swinging Strike 1-2: Fly out, F4 (Line Drive, 4)
|
Batting: LHB Alfredo Sánchez
|
0-0: Ball 1-0: Ball 2-0: Called Strike 2-1: Ball 3-1: Called Strike 3-2: Foul Ball, location: 2F 3-2: Base on Balls Desi Thompson to third José Hernández to second
|
Batting: RHB Oliver Todd
|
0-0: Called Strike 0-1: Foul Ball, location: 2F 0-2: SINGLE (Groundball, 56) Desi Thompson scores José Hernández to third Alfredo Sánchez to second Runner from 3rd tries for Home, SAFE, throw made home
|
Batting: RHB Dave Henderson
|
0-0: Ball 1-0: Fly out, F7 (Flyball, 78D)
|
Batting: RHB Ralph Lambert
|
0-0: Called Strike 0-1: Ball 1-1: Ball 2-1: Foul Ball, location: 2F 2-2: Ball 3-2: SINGLE (Groundball, 4MD) Alfredo Sánchez to third Oliver Todd to second Alfredo Sánchez scores Oliver Todd to third
|
Pitching: RHP Ken Burris
|
|
Batting: RHB Ed Watkins
|
0-0: Fly out, F5 (Line Drive, 5)
|
Bottom of the 5th over - 7 run(s), 6 hit(s), 1 error(s), 2 left on base; BlackIron 1 - Wichita 9 |
TOP OF THE 6TH |
BlackIron Dragons batting - Pitching for Wichita Wranglers : RHP Dae-ho Kim
|
Batting: RHB Gil Palmer
|
0-0: Ball 1-0: Ball 2-0: Foul Ball, location: 2F 2-1: Swinging Strike 2-2: SINGLE (Groundball, 6M)
|
Pitching: RHP José López
|
|
Batting: LHB Culley Vaughan
|
0-0: Ball 1-0: Ball 2-0: Ball 3-0: Called Strike 3-1: Called Strike 3-2: Strikes out swinging Gil Palmer steals 2nd base Batter strikes out.
|
Batting: LHB Chris Waggoner
|
0-0: Ball Wild Pitch! Gil Palmer to third 1-0: Ball 2-0: Ball 3-0: Called Strike 3-1: Foul Ball, location: 2F 3-2: Base on Balls
|
Batting: RHB Frank Maxwell
|
0-0: Ball 1-0: Ball 2-0: Called Strike 2-1: Ball 3-1: SINGLE (Line Drive, 8LS) Gil Palmer scores Chris Waggoner to second
|
Batting: RHB Mark Arnold
|
0-0: Called Strike Chris Waggoner steals 3rd base Frank Maxwell to second 0-1: Swinging Strike 0-2: Ball 1-2: Ground out 4-3 (Groundball, 13) Chris Waggoner scores Frank Maxwell to third
|
Batting: RHB Doug O'Brien
|
0-0: Ball 1-0: Foul Ball, location: 2F 1-1: SINGLE (Line Drive, 4M) Frank Maxwell scores
|
Batting: RHB Eugene Payne
|
0-0: Called Strike 0-1: Ball 1-1: Fly out, F7 (Flyball, 7LD)
|
Top of the 6th over - 3 run(s), 3 hit(s), 0 error(s), 1 left on base; BlackIron 4 - Wichita 9 |
BOTTOM OF THE 6TH |
Wichita Wranglers batting - Pitching for BlackIron Dragons : RHP Ken Burris
|
Batting: SHB Javier Peña
|
0-0: Ball 1-0: Ball 2-0: Ball 3-0: Base on Balls
|
Batting: RHB Desi Thompson
|
0-0: Ball 1-0: Ball 2-0: Called Strike 2-1: Ball 3-1: Called Strike 3-2: Strikes out looking Javier Peña steals 2nd base Batter strikes out.
|
Batting: LHB José Hernández
|
0-0: Ball Javier Peña steals 3rd base 1-0: Called Strike 1-1: Foul Ball, location: 2F 1-2: Ground out 4-3 (Groundball, 4) Javier Peña scores
|
Batting: SHB Giancarlo Giannini
|
0-0: Called Strike 0-1: Ball 1-1: Foul Ball, location: 2F 1-2: Strikes out swinging
|
Bottom of the 6th over - 1 run(s), 0 hit(s), 0 error(s), 0 left on base; BlackIron 4 - Wichita 10 |
TOP OF THE 7TH |
BlackIron Dragons batting - Pitching for Wichita Wranglers : RHP José López
|
Batting: LHB Donnie Cunningham
|
0-0: Foul Ball, location: 2F 0-1: SINGLE (Groundball, 56D)
|
Batting: RHB Boyd Pittman
|
0-0: Called Strike Donnie Cunningham steals 2nd base 0-1: Ball 1-1: Foul Ball, location: 2F 1-2: Strikes out looking
|
Batting: RHB Gil Palmer
|
0-0: Called Strike 0-1: Fly out, F7 (Flyball, 78M)
|
Batting: LHB Culley Vaughan
|
0-0: Ground out 1-3 (Groundball, 25)
|
Top of the 7th over - 0 run(s), 1 hit(s), 0 error(s), 1 left on base; BlackIron 4 - Wichita 10 |
BOTTOM OF THE 7TH |
Wichita Wranglers batting - Pitching for BlackIron Dragons : RHP Ken Burris
|
Batting: LHB Alfredo Sánchez
|
0-0: Foul Ball, location: 2F 0-1: Ball 1-1: SINGLE (Groundball, 4MD)
|
Batting: RHB Oliver Todd
|
0-0: Ball 1-0: Ball 2-0: Called Strike 2-1: Foul Ball, location: 2F 2-2: DOUBLE (Flyball, 78XD) Alfredo Sánchez to third
|
Batting: RHB Dave Henderson
|
0-0: Ball 1-0: Ground out 6-3 (Groundball, 6) Alfredo Sánchez scores Oliver Todd to third
|
Batting: RHB Ralph Lambert
|
0-0: Ball 1-0: Called Strike 1-1: Ball 2-1: SINGLE (Line Drive, 6D) Oliver Todd scores
|
Pitching: LHP Nick Walters
|
|
Batting: RHB Ed Watkins
|
0-0: Called Strike 0-1: Ball 1-1: Swinging Strike 1-2: Foul Ball, location: 2F 1-2: Ball 2-2: Fly out, F9 (Flyball, 89M)
|
Batting: SHB Javier Peña
|
0-0: Called Strike 0-1: Foul Ball, location: 2F 0-2: Strikes out swinging
|
Bottom of the 7th over - 2 run(s), 3 hit(s), 0 error(s), 1 left on base; BlackIron 4 - Wichita 12 |
TOP OF THE 8TH |
BlackIron Dragons batting - Pitching for Wichita Wranglers : RHP José López
|
Pitching: LHP Jorge Ybarra
|
|
Batting: LHB Chris Waggoner
|
0-0: Ball 1-0: Ball 2-0: Fly out, F2 (Popup, 15S)
|
Batting: RHB Frank Maxwell
|
0-0: Called Strike 0-1: Ball 1-1: Called Strike 1-2: Strikes out swinging
|
Batting: RHB Mark Arnold
|
0-0: Foul Ball, location: 2F 0-1: Ball 1-1: Reached on error, E4 (Groundball, 4)
|
Batting: RHB Doug O'Brien
|
0-0: Ball 1-0: 2-RUN HOME RUN (Line Drive, 8LXD), Distance : 414 ft
|
Batting: RHB Eugene Payne
|
0-0: Fly out, F9 (Flyball, 9LMF)
|
Top of the 8th over - 2 run(s), 1 hit(s), 1 error(s), 0 left on base; BlackIron 6 - Wichita 12 |
BOTTOM OF THE 8TH |
Wichita Wranglers batting - Pitching for BlackIron Dragons : LHP Nick Walters
|
Batting: RHB Desi Thompson
|
0-0: Called Strike 0-1: Foul Ball, location: 2F 0-2: Ball 1-2: Strikes out swinging
|
Batting: LHB José Hernández
|
0-0: SINGLE (Line Drive, 4M)
|
Batting: SHB Giancarlo Giannini
|
0-0: Ground out 3-1 (Groundball, 34S) José Hernández to second
|
Batting: LHB Alfredo Sánchez
|
0-0: Ball 1-0: Ball 2-0: Called Strike 2-1: Ground out 1-3 (Groundball, 13)
|
Bottom of the 8th over - 0 run(s), 1 hit(s), 0 error(s), 1 left on base; BlackIron 6 - Wichita 12 |
TOP OF THE 9TH |
BlackIron Dragons batting - Pitching for Wichita Wranglers : LHP Jorge Ybarra
|
Batting: LHB Donnie Cunningham
|
0-0: Called Strike 0-1: Ball 1-1: Ground out U3 (Groundball, 3S)
|
Batting: RHB Boyd Pittman
|
0-0: Foul Ball, location: 2F 0-1: Called Strike 0-2: Ball 1-2: Strikes out swinging
|
Batting: RHB Gil Palmer
|
0-0: Ball 1-0: Swinging Strike 1-1: Foul Ball, location: 2F 1-2: SINGLE (Groundball, 6MD)
|
Batting: LHB Culley Vaughan
|
0-0: Ball 1-0: Called Strike 1-1: Ball 2-1: Foul Ball, location: 2F 2-2: Fly out, F4 (Popup, 4D)
|
Top of the 9th over - 0 run(s), 1 hit(s), 0 error(s), 1 left on base; BlackIron 6 - Wichita 12 |
|